 Dungeon Crawl Stone Soup version 0.17-a0-1667-g4ca74a1 (webtiles) character file.

49 MacG the Skirmisher (level 3, -6/29 HPs)
             Began as a Demonspawn Chaos Knight on Aug 17, 2015.
             Killed from afar by Natasha (11 damage)
             ... with a wand of frost
             ... on level 2 of the Dungeon.
             The game lasted 00:08:11 (1540 turns).

MacG the Skirmisher (Demonspawn Chaos Knight)       Turns: 1540, Time: 00:08:11

Health: -6/29      AC:  5    Str: 13    XL:     3   Next: 53%
Magic:  3/3        EV:  6    Int: 13    God:    Xom [.*....]
Gold:   62         SH: 10    Dex: 14    Spells: 0 memorised, 2 levels left

rFire  . . .     SeeInvis .     a - +0 falchion (chaos)
rCold  . . .     Clarity  .     b - +2 leather armour
rNeg   . . .     SustAt   .     k - +0 large shield
rPois  .         Gourm    .     (no helmet)
rElec  .         Spirit   .     (no cloak)
rCorr  .         Warding  .     (no gloves)
rMut   .         Stasis   .     (no boots)
MR     .....                    (no amulet)
Stlth  +.........               (no ring)
                                p - +2 ring of dexterity

@: not resistant to hostile enchantments, very unstealthy
A: claws 1, powered by pain 1
a: Renounce Religion


You were on level 2 of the Dungeon.
You worshipped Xom.
You were a plaything of Xom.
You were not hungry.

You visited 1 branch of the dungeon, and saw 2 of its levels.

You collected 62 gold pieces.

Inventory:

Hand weapons
 a - a +0 falchion of chaos (weapon)
Armour
 b - a +2 leather armour (worn)
 i - a +0 leather armour
 k - a +0 large shield (worn)
Jewellery
 p - a +2 ring of dexterity (left claw)
Scrolls
 f - 2 scrolls of remove curse
 l - a scroll of amnesia {unknown}
 m - a scroll of immolation {unknown}
 n - a scroll of teleportation {unknown}
 q - a scroll of identify {unknown}
 r - a scroll of enchant weapon {unknown}
Potions
 d - 2 potions of curing {unknown}
 e - a potion of invisibility {unknown}
 j - 2 potions of flight {unknown}
 o - a potion of heal wounds {unknown}
Comestibles
 c - 2 bread rations
 g - 3 chunks of flesh
 h - 2 meat rations


   Skills:
 + Level 3.4 Fighting
 + Level 3.3 Long Blades
 + Level 1.9 Armour
 + Level 1.4 Dodging
 + Level 0.6 Stealth
 + Level 0.3 Shields


You had 2 spell levels left.
You didn't know any spells.

Dungeon Overview and Level Annotations

Branches:
Dungeon (2/15)

Altars:

Annotations:
D:2 Natasha


Innate Abilities, Weirdness & Mutations

You have sharp fingernails.
You sometimes gain a little power by taking damage.


Message History

The kobold dies!
It is a wand of frost.
You see here a stone.
You see here a stone.
r - a scroll labeled AWOATETIPN
Things that are here:
a short sword; 17 stones Your white imp disappears in a puff of smoke!
c - 2 bread rations (gained 1) Natasha is no longer charmed.
Natasha zaps a wand.
The puff of frost misses you.
Natasha zaps a wand.
The puff of frost hits you!
Natasha is nearby!
Natasha zaps a wand.
The puff of frost hits you!
* * * LOW HITPOINT WARNING * * *
You hit Natasha. You freeze Natasha.
Natasha is moderately wounded.
Natasha zaps a wand.
The puff of frost hits you!
You die...
Xom howls with laughter!

..... #.#
#.........# ...##
#.# #.........#
### #[#
#.........# #)#
#.(.......#
#.#####.(.......#
#.......(.......#
#..<...........)#
#........h......#
#.....#..@......#
#######.........#
###########


You could see Natasha.

Vanquished Creatures
  An adder (D:2)
  3 worms (D:2)
  A giant gecko (D:1)
  4 goblins (D:1)
  2 hobgoblins
  3 kobolds (D:2)
  6 bats
  2 giant newts
  3 jackals (D:2)
  8 rats
33 creatures vanquished.

Vanquished Creatures (collateral kills)
  A kobold (D:2)
1 creature vanquished.

Grand Total: 34 creatures vanquished

Notes
Turn   | Place    | Note
--------------------------------------------------------------
     0 | D:1      | MacG the Demonspawn Chaos Knight began the quest for the Orb.
     0 | D:1      | Reached XP level 1. HP: 18/18 MP: 1/1
   240 | D:1      | Gained mutation: You sometimes gain a little power by taking damage. [demonic ancestry]
   240 | D:1      | Reached XP level 2. HP: 24/24 MP: 2/2
   519 | D:1      | XOM: mild Summ miscast
   636 | D:1      | XOM: god gift: scroll labeled ISHRUE TIAGO
   914 | D:2      | XOM: noise
   918 | D:2      | Reached skill level 1 in Dodging
  1274 | D:2      | XOM: harmless Trmt miscast
  1287 | D:2      | XOM: smoke on damage
  1410 | D:2      | Gained mutation: You have sharp fingernails. [demonic ancestry]
  1410 | D:2      | Reached XP level 3. HP: 27/29 MP: 3/3
  1410 | D:2      | XOM: harmless Pois miscast
  1463 | D:2      | Noticed Ijyb
  1464 | D:2      | Noticed Natasha
  1478 | D:2      | Noticed Ijyb
  1478 | D:2      | Ijyb changed into Ijyb the worm
  1478 | D:2      | XOM: polymorph Ijyb -> Ijyb the worm
  1480 | D:2      | XOM: blink monster(s)
  1488 | D:2      | Killed Ijyb the worm
  1503 | D:2      | XOM: enchant monster (good)
  1540 | D:2      | Killed from afar by Natasha

Vault maps used:
D:1:      dpeg_arrival_rooms_a
D:2:      xom_teletrap_fun, first_bread, uniq_iyjb, uniq_natasha

Action                   || total
-------------------------++-------
Melee: Falchion          ||   117
  Use: Scroll            ||     1
 Stab: Petrified         ||     2
       Petrifying        ||     1
  Eat: Chunk             ||     2
